 Dungeon Crawl Stone Soup version 0.27.1-33-g824d729ab1 (webtiles) character file.

Game seed: 12488583304193385773

129 styxcanada the Covert (level 4, -3/23 HPs)
             Began as a Spriggan Brigand on Dec 11, 2021.
             Slain by an orc priest (5 damage)
             ... on level 3 of the Dungeon.
             The game lasted 00:09:55 (3564 turns).

styxcanada the Covert (Spriggan Brigand)            Turns: 3564, Time: 00:09:55

Health: -3/23      AC:  3    Str:  7    XL:     4   Next: 88%
Magic:  5/5        EV: 17    Int: 12    God:
Gold:   152        SH:  0    Dex: 17    Spells: 3/3 levels left

rFire    + . .     SeeInvis +   a - +2 dagger
rCold    . . .     Faith    .   (shield restricted)
rNeg     . . .     Spirit   .   b - +0 robe
rPois    .         Reflect  .   (helmet restricted)
rElec    .         Harm     .   c - +0 cloak
rCorr    .         Rampage  .   (gloves unavailable)
Will     .....                  (boots unavailable)
Stlth    ++++......             (no amulet)
HPRegen  0.07/turn              n - ring of protection from fire
MPRegen  0.09/turn              (no ring)

@: very quick
A: very small, no large weapons, unfitting armour, see invisible, speed 3
a: no special abilities


You were on level 3 of the Dungeon.
You visited 1 branch of the dungeon, and saw 4 of its levels.

You collected 152 gold pieces.

Inventory:

Hand Weapons
 a - a +2 dagger (weapon)
Missiles
 e - 2 curare-tipped darts (quivered)
 f - 110 stones
Armour
 b - a +0 robe (worn)
 c - a +0 cloak (worn)
Jewellery
 n - a ring of protection from fire (left hand)
Scrolls
 g - a scroll of immolation
 h - a scroll of enchant weapon {unknown}
 i - a scroll of acquirement {unknown}
 l - 2 scrolls of teleportation {unknown}
 q - 4 scrolls of blinking {unknown}
 t - a scroll of amnesia {unknown}
Potions
 j - a potion of berserk rage {unknown}
 k - a potion of experience {unknown}
 m - a potion of brilliance {unknown}
 o - a potion of degeneration {unknown}
 p - a potion of might {unknown}
 r - 2 potions of flight {unknown}
 s - a potion of heal wounds {unknown}


   Skills:
 * Level 1.9 Fighting
 + Level 2.7 Short Blades
 + Level 2.0 Throwing
 * Level 2.6 Dodging
 * Level 8.5 Stealth


You had 3 spell levels left.
You didn't know any spells.
Your spell library was empty.

Dungeon Overview and Level Annotations

Branches:
Dungeon (4/15)
 Temple: D:4-7

Altars:
Fedhas
Hepliaklqana
Okawaru
Ru


Innate Abilities, Weirdness & Mutations

You are very small and have problems with some larger weapons.
You are too small for most types of armour.
You have supernaturally acute eyesight. (SInv)
You cover ground extremely quickly. (Speed+++)


Message History

You hit the orc priest.
The orc priest is heavily wounded.
The orc priest completely misses you.
You hit the orc priest.
The orc priest is heavily wounded.
The orc priest hits you with a +0 club.
* * * LOW HITPOINT WARNING * * *
You barely miss the orc priest.
The orc priest is heavily wounded.
The orc priest miscasts a cantrip.
You hit the orc priest.
The orc priest is severely wounded.
The orc priest calls down the wrath of Beogh upon you.
You struggle to resist.
You hit the orc priest but do no damage.
The orc priest is severely wounded.
The orc priest completely misses you.
You hit the orc priest.
The orc priest is severely wounded.
The orc priest completely misses you.
You hit the orc priest.
The orc priest is severely wounded.
You hit the orc priest but do no damage.
The orc priest is severely wounded.
The orc priest calls down the wrath of Beogh upon you.
You struggle to resist.
You hit the orc priest but do no damage.
The orc priest is severely wounded.
The orc priest closely misses you.
You hit the orc priest but do no damage.
The orc priest is severely wounded.
The orc priest hits you with a +0 club.
* * * LOW HITPOINT WARNING * * *
You hit the orc priest.
The orc priest is almost dead.
The orc priest looks satisfied for a moment.
You completely miss the orc priest.
The orc priest is almost dead.
The orc priest hits you with a +0 club.
You die...

#..........# #........#≈≈.≈≈###.
#..........####........#g≈.≈g#...
#.........†>.##........#≈≈.≈≈####
#.........)#...#.......#..8..####
#..........###.........#.8_8.##..
#..........# ##........#..8..#...
#..........# #........#######..#
#######.#### #..........###..###
#.## #.@.........[...... #..#
#.o...............# ########.#
##...............## .....# #.#
###.......#........ .....###.#
#................## ......##.##
#.##.............#.
..........#####..................
.....###.........................
.....####........................


You could see an orc priest.

Vanquished Creatures
  A bullfrog skeleton (D:4)
  3 adders (D:4)
  A worm (D:3)
  2 dart slugs (D:1)
  3 orcs
  5 bats
  9 endoplasms
  6 hobgoblins
  4 quokkas
  9 ball pythons
  3 frilled lizards
  10 goblins
  4 kobolds
  2 rats (D:1)
62 creatures vanquished.

Notes
Turn   | Place    | Note
-------+----------+-------------------------------------------
     0 | D:1      | styxcanada the Spriggan Brigand began the quest for the
                  | Orb.
     0 | D:1      | Reached XP level 1. HP: 10/10 MP: 2/2
    27 | D:1      | Reached skill level 6 in Stealth
   187 | D:1      | Reached XP level 2. HP: 14/14 MP: 3/3
   470 | D:1      | Found a faded altar of an unknown god.
   650 | D:1      | Reached skill level 7 in Stealth
  1063 | D:2      | Reached XP level 3. HP: 18/18 MP: 4/4
  1144 | D:2      | Found a blossoming altar of Fedhas.
  1667 | D:3      | Found a hazy altar of Hepliaklqana.
  1818 | D:3      | Found an iron altar of Okawaru.
  2657 | D:4      | Found a sacrificial altar of Ru.
  2695 | D:4      | Reached XP level 4. HP: 23/23 MP: 5/5
  2858 | D:4      | Reached skill level 8 in Stealth
  3203 | D:4      | Noticed an ogre
  3564 | D:3      | Slain by an orc priest

Illustrated notes

Levels and vault maps discovered:
D:1:      heliophobic_arrival_henge, layout_loops_ring,
          hellmonk_ecumenical_altar_blasted, fountainhead
D:2:      layout_basic, basic_altar
D:3:      layout_rooms, kennysheep_okawaru_gauntlet, overflow_temple_1_default
D:4:      layout_layer_cave, nicolae_ru_the_path_less_chosen,
          roderic_roman_lattice

Skill      XL: |  1  2  3  4 |
---------------+-------------+-----
Stealth        | 6 7 8 |  8.5
Dodging        | 2 |  2.6
Fighting       | |  1.9
Short Blades   | |  2.7
Throwing       | |  2.0

Action                   |  1- 3 |  4- 6 || total
-------------------------+-------+-------++-------
Melee: Dagger            |   121 |    73 ||   194
Throw: Dart              |     5 |     8 ||    13
 Stab: Sleeping          |    16 |     4 ||    20
       Distracted        |       |     1 ||     1
Armor: Robe              |     8 |     6 ||    14
Dodge: Dodged            |    75 |    51 ||   126
